 Dungeon Crawl Stone Soup version 0.23-a0-169-gb21e69520c (webtiles) character file.

69 PikkenKukken the Insei (level 4, 0/35 HPs)
             Began as a Demonspawn Monk on Sept 12, 2018.
             Succumbed to Sigmund's poison
             ... on level 2 of the Dungeon.
             The game lasted 00:02:17 (1671 turns).

PikkenKukken the Insei (Demonspawn Monk)            Turns: 1671, Time: 00:02:18

Health: 0/35       AC:  9    Str: 12    XL:     4   Next: 2%
Magic:  4/4        EV: 12    Int: 17    God:
Gold:   39         SH:  0    Dex: 15    Spells: 3/3 levels left

rFire    . . .     SeeInvis +     - Unarmed
rCold    . . .     Gourm    .   (no shield)
rNeg     . . .     Faith    .   f - +0 ring mail
rPois    .         Spirit   .   e - +2 hat
rElec    .         Reflect  .   (no cloak)
rCorr    .         Harm     .   (no gloves)
MR       .....                  (no boots)
Stlth    +.........             (no amulet)
HPRegen  0.11/turn              c - ring of see invisible
MPRegen  0.09/turn              (no ring)

@: brilliant, lethally poisoned (0 -> -24)
A: iridescent scales 1
a: no special abilities


You were on level 2 of the Dungeon.
You were very hungry.

You visited 1 branch of the dungeon, and saw 2 of its levels.

You collected 39 gold pieces.

Inventory:

Armour
 a - a +0 robe
 e - a +2 hat (worn)
 f - a +0 ring mail (worn)
Jewellery
 c - a ring of see invisible (left hand)
Comestibles
 b - 2 rations


   Skills:
 + Level 3.4 Fighting
 + Level 1.2 Armour
 + Level 3.1 Dodging
 - Level 1.7 Stealth
 * Level 3.5 Unarmed Combat


You had 3 spell levels left.
You didn't know any spells.
Your spell library was empty.

Dungeon Overview and Level Annotations

Branches:
Dungeon (2/15)

Altars:
Ashenzari

Annotations:
D:2 Robin, Sigmund


Innate Abilities, Weirdness & Mutations

You are partially covered in iridescent scales. (AC +2)


Message History

You feel sick. Sigmund barely misses you.
You hit Sigmund.
Sigmund is heavily wounded.
* * * LOW HITPOINT WARNING * * *
You feel sick. Sigmund closely misses you.
You hit Sigmund but do no damage.
Sigmund is heavily wounded.
* * * LOW HITPOINT WARNING * * *
You feel sick.
You hit Sigmund.
Sigmund is heavily wounded.
* * * LOW HITPOINT WARNING * * *
You feel sick.
Sigmund hits you with a scythe of venom.
* * * LOW HITPOINT WARNING * * *
You are more poisoned.
Unknown command.
You closely miss Sigmund.
Sigmund is heavily wounded.
You die...

###########
#.........#
#.........#
#.#.........#.
#.#...@.......
#.# #@#
#.####.#
##.#....#
#....####
#....# #....#
##.#.# #.#.#
#.#.#


You could see Sigmund.

Vanquished Creatures
  A howler monkey (D:2)
  A worm (D:2)
  3 dart slugs (D:1)
  4 giant cockroaches (D:1)
  3 goblins
  5 hobgoblins (D:1)
  A kobold (D:2)
  2 bats (D:1)
  3 frilled lizards
  3 rats (D:2)
26 creatures vanquished.

Vanquished Creatures (others)
  5 toadstools (D:1)
5 creatures vanquished.

Grand Total: 31 creatures vanquished

Notes
Turn   | Place    | Note
-------+----------+-------------------------------------------
     0 | D:1      | PikkenKukken the Demonspawn Monk began the quest for the
                  | Orb.
     0 | D:1      | Reached XP level 1. HP: 18/18 MP: 1/1
   262 | D:1      | Gained mutation: You are partially covered in iridescent
                  | scales. (AC +2) [demonic ancestry]
   262 | D:1      | Reached XP level 2. HP: 20/24 MP: 2/2
   265 | D:1      | Found a shattered altar of Ashenzari.
   987 | D:2      | Reached XP level 3. HP: 26/29 MP: 3/3
  1058 | D:2      | Reached skill level 1 in Armour
  1061 | D:2      | Noticed Robin
  1375 | D:2      | Reached XP level 4. HP: 20/35 MP: 4/4
  1650 | D:2      | Noticed Sigmund
  1670 | D:2      | HP: 1/35 [Sigmund/scythe of venom (3)]
  1671 | D:2      | Succumbed to Sigmund's poison

Vault maps used:
D:1:      ldierk_walled_garden, minivault_14, minmay_hexomino_r4
D:2:      grunt_temple_overflow_gold_and_silver, uniq_sigmund, uniq_robin

Skill      XL: |  1  2  3 |
---------------+----------+-----
Unarmed Combat | 3 |  3.5
Armour         | 1 |  1.2
Dodging        | 3 |  3.1
Fighting       | |  3.4
Stealth        | |  1.7

Action                   |  1- 3 |  4- 6 || total
-------------------------+-------+-------++-------
Melee: Unarmed           |   113 |    21 ||   134
       Punch             |     2 |       ||     2
  Use: Scroll            |     4 |       ||     4
       Potion            |       |     2 ||     2
  Eat: Chunk             |     1 |       ||     1
Armor: Robe              |     5 |       ||     5
       Ring mail         |    36 |     1 ||    37
Dodge: Dodged            |    77 |     6 ||    83

Table legend:
 A = Non-vault XP
 B = Vault XP
 C = Vault XP percentage of total XP
 D = Non-vault monster count
 E = Vault monster count
 F = Vault count percentage of total count
                 A         B        C        D         E       F
            +---------+---------+-------+---------+---------+-------
      Total |      93 |       6 |   6.1 |      22 |       4 |  15.4
            +---------+---------+-------+---------+---------+-------
        D:1 |      31 |       6 |  16.2 |      14 |       4 |  22.2
        D:2 |      62 |       0 |   0.0 |       8 |       0 |   0.0
            +---------+---------+-------+---------+---------+-------
